 Dungeon Crawl Stone Soup version 0.31.0-12-g77e489cdc1 (webtiles) character file.

Game seed: 817247503769165886

20 Gadfly the Sneak (level 2, 0/14 HPs)
             Began as a Spriggan Enchanter on Feb 18, 2024.
             Slain by Terence
             ... wielding a +0 short sword
              (2 damage)
             ... on level 2 of the Dungeon.
             The game lasted 00:01:10 (1128 turns).

Gadfly the Sneak (Spriggan Enchanter)               Turns: 1128, Time: 00:01:11

Health: 0/14       AC:  2    Str:  4    XL:     2   Next: 58%
Magic:  5/7        EV: 17    Int: 16    God:
Gold:   66         SH:  0    Dex: 15    Spells: 5/7 levels left

rFire   . . .        a - +1 dagger
rCold   . . .        (no shield)
rNeg    . . .        b - +0 robe
rPois   .            (helmet restricted)
rElec   .            (no cloak)
rCorr   .            (gloves unavailable)
SInv    +            (boots unavailable)
Will    .....        (no amulet)
Stlth   +++          (no ring)
HPRegen 0.22/turn    (no ring)
MPRegen 0.10/turn

%: no passive effects
@: very quick
A: very small, no large weapons, unfitting armour, see invisible, speed 3
a: no special abilities


You were on level 2 of the Dungeon.
You visited 1 branch of the dungeon, and saw 2 of its levels.

You collected 66 gold pieces.

Inventory:

Hand Weapons
 a - a +1 dagger (weapon)
Armour
 b - a +0 robe (worn)
Scrolls
 d - a scroll of acquirement {unknown}
 e - a scroll of identify {unknown}
 f - a scroll of fear {unknown}
 g - a scroll of noise {unknown}
 i - a scroll of teleportation {unknown}
 j - a scroll of enchant armour {unknown}
Potions
 c - 2 potions of invisibility
 h - a potion of curing
 k - a potion of cancellation {unknown}


   Skills:
 + Level 0.5 Fighting
 + Level 1.4 Short Blades
 + Level 3.0 Dodging
 + Level 4.5 Stealth
 + Level 3.0 Spellcasting
 + Level 3.8 Hexes
 + Level 0.9 Evocations


You had 5 spell levels left.
You knew the following spells:

 Your Spells              Type           Power      Damage    Failure   Level
a - Ensorcelled Hibernat  Hex/Ice        16%        N/A       13%         2

Your spell library contained the following spells:

 Spells                   Type           Power      Damage    Failure   Level
 Confusing Touch          Hex            14%        N/A       12%         3
 Tukima's Dance           Hex            14%        N/A       12%         3
 Summon Small Mammal      Summ           8%         N/A       19%         1
 Dazzling Flash           Conj/Hex       16%        N/A       26%         3
 Call Canine Familiar     Summ           2%         N/A       50%         3
 Summon Blazeheart Golem  Fire/Summ      2%         N/A       88%         4


Dungeon Overview and Level Annotations

Branches:
Dungeon (2/15)

Altars:

Annotations:
D:2 Terence


Innate Abilities, Weirdness & Mutations

You are very small and have problems with some larger weapons.
You are too small for most types of armour.
You have supernaturally acute eyesight. (SInv)
You cover ground extremely quickly. (Speed+++)


Message History

Moving in this stuff is going to be slow.
Terence shouts!
Terence hits you with a +0 short sword!
Ouch! That really hurt!
You are too injured to fight recklessly!
Terence attacks as he pursues you! Terence closely misses you.
You enter the shallow water.
Moving in this stuff is going to be slow.
There is a stone staircase leading up here.
You climb upwards.
There is a stone staircase leading down here.
HP restored.
Done exploring.
You climb downwards.
Level annotation: Terence
There is a stone staircase leading up here.
Terence looks drowsy...
The helpless Terence fails to defend himself.
You puncture Terence!
Terence is heavily wounded.
Terence barely misses you.
Terence is nearby!
Casting: Ensorcelled Hibernation (safe; 13% risk of failure)
Confirm with . or Enter, or press ? or * to list all spells.
You don't know that spell.
You hit Terence but do no damage.
Terence is heavily wounded.
Terence hits you with a +0 short sword.
You closely miss Terence.
Terence is heavily wounded.
Terence hits you with a +0 short sword.
You barely miss Terence.
Terence is heavily wounded.
Terence hits you with a +0 short sword.
* * * LOW HITPOINT WARNING * * *
You hit Terence but do no damage.
Terence is heavily wounded.
Terence hits you with a +0 short sword.
You die...
Terence says, "Rest in peace."

..........##.......########
###.###.......P.P..P.P....#
###.##.P..P.P~~P!...#
#.##...P...~≈~....#
#.##..@...~~≈~♣...#
#.##..~~$~~~~~~.P.#
#.##..~~~~~~~~~≈..#
#.##....≈≈~≈~≈~~...
#<@@..P.~≈~≈≈≈~(.#.
##.#.....≈≈~≈≈~PP#
#..#......~≈≈~..P#
#..#..PP...~~P.P.#
#....$...P..P...P.
#.##........ #. #.#######
#. .#


You could see Terence.

Vanquished Creatures
  An endoplasm (D:1)
  2 goblins (D:1)
  A hobgoblin (D:2)
  2 jackals (D:1)
  A quokka (D:2)
  4 ball pythons (D:1)
  3 bats (D:1)
  A frilled lizard (D:1)
  3 kobolds (D:1)
  A rat (D:1)
19 creatures vanquished.

Notes
Turn   | Place    | Note
-------+----------+-------------------------------------------
     0 | D:1      | Gadfly the Spriggan Enchanter began the quest for the Orb.
     0 | D:1      | Reached XP level 1. HP: 9/9 MP: 5/5
   382 | D:1      | Reached XP level 2. HP: 13/13 MP: 6/6
   385 | D:1      | Learned a level 2 spell: Ensorcelled Hibernation
  1076 | D:2      | Noticed Terence
  1128 | D:2      | Slain by Terence

Illustrated notes

Levels and vault maps discovered:
D:1:      tarquinn_simple_flora_water_c, layout_loops_cross, serial_forest,
          infiniplex_forest_straight_2, infiniplex_forest_straight_2,
          infiniplex_forest_lined_room_, infiniplex_forest_lined_room_2,
          infiniplex_forest_clump_curved, infiniplex_forest_straight_5
D:2:      layout_loops_ring, kennysheep_another_room, guppyfry_early_lair_pool,
          uniq_terence

Skill      XL: |  1  2 |
---------------+-------+-----
Dodging        | 3 |  3.0
Spellcasting   | 3 |  3.0
Fighting       | |  0.5
Short Blades   | |  1.4
Stealth        | |  4.5
Hexes          | |  3.8
Evocations     | |  0.9

Action                     || total
---------------------------++-------
  Melee: Dagger            ||    55
   Cast: Ensorcelled Hiber ||     8
    Use: Potion            ||     1
   Stab: Sleeping          ||    13
 Armour: Robe              ||    17
  Dodge: Dodged            ||    42
